 Dungeon Crawl Stone Soup version 0.28.0-53-g5a82cb258f (webtiles) character file.

Game seed: 6371044304394244795

11036 ubbe the Blocker (level 11, 0/151 HPs)
             Began as a Minotaur Fighter on Aug 8, 2022.
             Was a Believer of Trog.
             Slain by an eight-headed hydra (5 damage)
             ... while petrified by a basilisk
             ... on level 2 of the Lair of Beasts.
             The game lasted 00:35:50 (12898 turns).

ubbe the Blocker (Minotaur Fighter)                Turns: 12898, Time: 00:35:51

Health: 0/151      AC: 14    Str: 27    XL:     11   Next: 44%
Magic:  1/1        EV:  2    Int:  9    God:    Trog [**....]
Gold:   1174       SH:  0    Dex: 19    Spells: 10/10 levels left

rFire   + . .      SeeInvis .   u - +4 war axe of Ornamental Judgement {vamp, rPois rF+ rCorr MP-9 Int+4}
rCold   . . .      Faith    .   c - +0 buckler
rNeg    + + +      Spirit   .   b - +0 scale mail
rPois   ∞          Reflect  .   (helmet restricted)
rElec   .          Harm     .   m - +0 cloak
rCorr   +          Rampage  .   h - +1 pair of gloves
Will    .....      Clarity  +   g - +0 pair of boots "Vymas" {Drain rN+ Str+5}
Stlth   ..........              (no amulet)
HPRegen 0.35/turn               y - +6 ring of dexterity
MPRegen 0.07/turn               (no ring)

@: berserking (expiring), petrified
A: horns 2, retaliatory headbutt, clarity, subdued magic 1
a: Renounce Religion, Berserk, Trog's Hand


You were on level 2 of the Lair of Beasts.
You worshipped Trog.
Trog was pleased with you.
You visited 3 branches of the dungeon, and saw 12 of its levels.
You also visited: Sewer.

You collected 1442 gold pieces.
You spent 268 gold pieces at shops.

Inventory:

Hand Weapons
 o - a +2 war axe of venom
 r - the +4 hand axe of the Onslaught {venom, Contam +Blink rElec MP+9}
   (You found it on level 7 of the Dungeon)

   It poisons the flesh of those it strikes.
   rElec:     It insulates you from electricity.
   MP:        It affects your magic capacity (+9).
   +Blink:    It lets you blink.
   Contam:    It causes magical contamination when unequipped.
 u - the +4 war axe of Ornamental Judgement (weapon) {vamp, rPois rF+ rCorr MP-9 Int+4}
   (You found it on level 8 of the Dungeon)

   It occasionally heals its wielder for a portion of the damage dealt when it
   wounds a living foe.
   Int:       It affects your intelligence (+4).
   rF:        It protects you from fire.
   rPois:     It protects you from poison.
   MP:        It affects your magic capacity (-9).
   rCorr:     It protects you from acid and corrosion.
 w - the +9 mace "Kiexueq" {venom, Str+3 Stlth+}
   (You found it on level 6 of the Dungeon)

   It poisons the flesh of those it strikes.
   Str:       It affects your strength (+3).
   Stlth:     It makes you more stealthy.
Missiles
 j - a throwing net (quivered)
Armour
 b - a +0 scale mail (worn)
 c - a +0 buckler (worn)
 g - the +0 pair of boots "Vymas" (worn) {Drain rN+ Str+5}
   (You acquired it on level 2 of the Dungeon)

   Str:       It affects your strength (+5).
   rN:        It protects you from negative energy.
   Drain:     It drains your maximum health when unequipped.
 h - a +1 pair of gloves (worn)
 m - a +0 cloak (worn)
Jewellery
 y - a +6 ring of dexterity (left hand)
Scrolls
 e - 3 scrolls of blinking
 i - 4 scrolls of teleportation
 p - a scroll of fog
 q - 3 scrolls of summoning
 s - a scroll of identify
 v - a scroll of enchant armour
 x - 2 scrolls of enchant weapon
Potions
 a - a potion of flight {unknown}
 d - a potion of might
 f - 12 potions of curing
 k - a potion of cancellation
 l - a potion of brilliance {unknown}
 n - 2 potions of magic
 z - a potion of haste
 A - a potion of heal wounds {unknown}
 D - 2 potions of ambrosia {unknown}


   Skills:
 + Level 10.4 Fighting
 + Level 10.1 Axes
 + Level 10.5 Armour
 + Level 8.9 Dodging
 + Level 10.5 Shields


You had 10 spell levels left.
You didn't know any spells.
Your spell library contained the following spells:

 Spells                   Type           Power      Damage    Failure   Level
 Foxfire                  Conj/Fire      0%         2x1d4     63%         1
 Magic Dart               Conj           0%         1d3       63%         1
 Call Imp                 Summ           0%         N/A       78%         2
 Sublimation of Blood     Necr           0%         N/A       78%         2
 Conjure Flame            Conj/Fire      0%         6-21      95%         3
 Dazzling Flash           Conj/Hex       0%         N/A       95%         3
 Gell's Gravitas          Tloc           0%         N/A       95%         3
 Inner Flame              Hex/Fire       0%         N/A       95%         3
 Mephitic Cloud           Conj/Pois/Air  0%         N/A       95%         3
 Teleport Other           Tloc           0%         N/A       95%         3
 Flame Wave               Conj/Fire      0%         2d4       100%        4
 Fulminant Prism          Conj/Hex       0%         3d6       100%        4
 Iskenderun's Mystic Bla  Conj/Tloc      0%         2d3       100%        4
 Petrify                  Tmut/Erth      0%         N/A       100%        4
 Summon Ice Beast         Ice/Summ       0%         N/A       100%        4
 Agony                    Necr           0%         N/A       100%        5
 Irradiate                Conj/Tmut      0%         3d13      100%        5
 Lee's Rapid Deconstruct  Erth           0%         3d5*      100%        5
 Silence                  Hex/Air        0%         N/A       100%        5
 Summon Mana Viper        Hex/Summ       0%         N/A       100%        5
 Dispersal                Tloc           0%         N/A       100%        6
 Monstrous Menagerie      Summ           0%         N/A       100%        7


Dungeon Overview and Level Annotations

Branches:
Dungeon (9/15)             Temple (1/1) D:5            Lair (2/6) D:9
  Sewer (visited)
  Swamp: Lair:2-4    Shoals: Lair:2-4     Snake: Lair:2-4    Spider: Lair:2-4
    Orc: D:9-12

Altars:
Ashenzari
Cheibriados
Dithmenos
Elyvilon
Fedhas
Gozag
Hepliaklqana
Kikubaaqudgha
Makhleb
Nemelex Xobeh
Okawaru
Qazlal
Ru
Sif Muna
Trog
Uskayaw
Vehumet
Wu Jian
Xom
Yredelemnul
Zin
The Shining One

Shops:
D:2 ?   D:4 ?((*


Innate Abilities, Weirdness & Mutations

You have a pair of horns on your head.
You reflexively headbutt those who attack you in melee.
You possess an exceptional clarity of mind.
Your spells are a little easier to cast, but a little less powerful.


Message History

The eight-headed hydra bites you!
The eight-headed hydra bites you but does no damage. x2
The eight-headed hydra bites you. x2
The eight-headed hydra bites you but does no damage.
The eight-headed hydra barely misses you.
The basilisk bites you!
* * * LOW HITPOINT WARNING * * *
The cane toad stings you but does no damage.
The eight-headed hydra bites you but does no damage. x2
The eight-headed hydra bites you.
* * * LOW HITPOINT WARNING * * *
The eight-headed hydra bites you!
* * * LOW HITPOINT WARNING * * *
The eight-headed hydra bites you!
* * * LOW HITPOINT WARNING * * *
The eight-headed hydra bites you but does no damage. x3
The basilisk gazes at you. You resist with some effort.
The cane toad stings you!
* * * LOW HITPOINT WARNING * * *
The cane toad stings you!
* * * LOW HITPOINT WARNING * * *
The eight-headed hydra bites you!
* * * LOW HITPOINT WARNING * * *
The eight-headed hydra bites you but does no damage.
The eight-headed hydra bites you.
* * * LOW HITPOINT WARNING * * *
The eight-headed hydra bites you but does no damage. x2
The eight-headed hydra bites you.
* * * LOW HITPOINT WARNING * * *
The eight-headed hydra bites you!
* * * LOW HITPOINT WARNING * * *
The eight-headed hydra bites you but does no damage.
The basilisk gazes at you. You resist with some effort.
The cane toad stings you.
* * * LOW HITPOINT WARNING * * *
The eight-headed hydra bites you!
* * * LOW HITPOINT WARNING * * *
The eight-headed hydra bites you!
You die...

.... ..........#
...) .........##
.... ........####
.... ........#..#
...
........##.###### #
....
...........P....#..
....
#..P.........P.....
....
#..........F.......
....
#.#........@D.>....
....
..#........l.......
...#
#................
..P#
..................
...#
.#................
...#.
#................
.....
................
.....
...............
.....


You could see an eight-headed hydra, a cane toad and a basilisk.

Vanquished Creatures
  Harold (D:7)
  2 black mambas (Lair:1)
  2 cane toads (Lair:1)
  A komodo dragon (Lair:1)
  Prince Ribbit (D:7)
  6 blink frogs
  3 slime creatures (D:8)
  Sigmund (D:5)
  18 yaks
  A wraith (D:9)
  A basilisk (Lair:1)
  4 water moccasins
  A sky beast (D:6)
  2 orc warriors
  2 black bears
  A necrophage (D:4)
  4 ogres
  A wolf (Lair:1)
  3 centaurs
  2 scorpions
  9 bullfrogs
  A water moccasin skeleton (D:5)
  2 wyvern skeletons
  6 killer bees (D:8)
  The ghost of ubbe the Grave Robber, a weakling HuNe of Dithmenos (D:4)
  2 hounds
  4 jellies
  3 orc priests
  Crazy Yiuf (D:6)
  2 gnoll shamans
  Jessica (D:2)
  Terence (D:2)
  4 iguanas
  Natasha (thrice) (D:2)
  3 orc wizards
  2 killer bee zombies
  A hound skeleton (D:4)
  A howler monkey zombie (D:9)
  Robin (D:2)
  11 gnolls
  6 adders
  A shadow imp (D:5)
  A white imp (D:5)
  2 ufetubi
  An adder skeleton (D:4)
  2 worms
  3 dart slugs
  15 orcs
  11 ball pythons
  9 bats
  7 endoplasms
  10 giant cockroaches
  14 goblins
  7 hobgoblins
  7 jackals
  8 kobolds
  7 quokkas
  6 frilled lizards
  10 rats
243 creatures vanquished.

Vanquished Creatures (collateral kills)
  5 wights (D:7)
5 creatures vanquished.

Vanquished Creatures (others)
  3 fungi
3 creatures vanquished.

Grand Total: 251 creatures vanquished

Notes
Turn   | Place    | Note
-------+----------+-------------------------------------------
     0 | D:1      | ubbe the Minotaur Fighter began the quest for the Orb.
     0 | D:1      | Reached XP level 1. HP: 19/19 MP: 0/0
   340 | D:1      | Reached XP level 2. HP: 27/27 MP: 1/1
   498 | D:1      | Found a faded altar of an unknown god.
   546 | D:1      | Reached skill level 1 in Dodging
   990 | D:2      | Noticed Natasha
   991 | D:2      | Noticed a crimson imp
  1008 | D:2      | Noticed a crimson imp
  1011 | D:2      | Killed Natasha
  1012 | D:2      | Reached XP level 3. HP: 21/33 MP: 2/2
  1150 | D:2      | Identified 2 scrolls of acquirement
  1151 | D:2      | Acquired 889 gold pieces
  1153 | D:2      | Acquired the +0 pair of boots "Vymas" {Drain rN+ Str+5}
  1198 | D:2      | Noticed Jessica
  1203 | D:2      | Killed Jessica
  1204 | D:2      | Reached XP level 4. HP: 40/40 MP: 3/3
  1287 | D:2      | Noticed Robin
  1290 | D:2      | Noticed Natasha
  1297 | D:2      | Killed Robin
  1308 | D:2      | Killed Natasha
  1588 | D:2      | Found Udab's Magic Scroll Shop.
  1590 | D:2      | Noticed Terence
  1593 | D:2      | Killed Terence
  1594 | D:2      | Reached XP level 5. HP: 46/47 MP: 4/4
  1596 | D:2      | Noticed Natasha
  1602 | D:2      | Killed Natasha
  1652 | D:2      | Bought a scroll of teleportation for 42 gold pieces
  2381 | D:3      | Found a glowing drain.
  2391 | Sewer    | Entered a sewer
  2608 | Sewer    | Reached skill level 5 in Armour
  2608 | Sewer    | Reached skill level 5 in Shields
  2608 | Sewer    | Reached XP level 6. HP: 50/55 MP: 5/5
  2613 | Sewer    | Reached skill level 5 in Fighting
  3492 | D:4      | Found Cenkot's Weapon Shop.
  3525 | D:4      | Bought a +2 war axe of venom for 226 gold pieces
  3560 | D:4      | Reached XP level 7. HP: 40/61 MP: 6/6
  3570 | D:4      | Found Kafojik's Magic Scroll Emporium.
  3705 | D:4      | Found Ucaluy's Weapon Shop.
  3758 | D:4      | Found Povoid's General Store.
  4333 | D:4      | Found a transporter.
  4333 | D:4      | Noticed ubbe's ghost (weakling HuNe)
  4340 | D:4      | Found a transporter.
  4352 | D:4      | Reached skill level 5 in Axes
  4356 | D:4      | Killed ubbe's ghost
  4772 | D:4      | Found a radiant altar of Vehumet.
  4825 | D:5      | Entered Level 5 of the Dungeon
  4887 | D:5      | Found a staircase to the Ecumenical Temple.
  4905 | Temple   | Entered the Ecumenical Temple
  4964 | Temple   | Became a worshipper of Trog the Wrathful
  5308 | D:5      | Reached XP level 8. HP: 59/70 MP: 7/7
  5629 | D:5      | Noticed Sigmund
  5639 | D:5      | Killed Sigmund
  5736 | D:5      | Reached skill level 5 in Dodging
  6282 | D:6      | Found a runed translucent door.
  6282 | D:6      | Identified the +8 mace of Accord {freeze, Will+}
  6284 | D:6      | Noticed Crazy Yiuf
  6296 | D:6      | Killed Crazy Yiuf
  6299 | D:6      | Identified the +9 mace "Kiexueq" {venom, Str+3 Stlth+}
  6984 | D:6      | Reached XP level 9. HP: 68/79 MP: 8/8
  7470 | D:6      | Gained mutation: You possess an exceptional clarity of
                  | mind. [potion of mutation]
  7470 | D:6      | Gained mutation: Your spells are a little easier to cast,
                  | but a little less powerful. [potion of mutation]
  8478 | D:7      | Reached * piety under Trog
  8866 | D:7      | Identified the +4 hand axe of the Onslaught {venom, Contam
                  | +Blink rElec MP+9}
  9142 | D:7      | Noticed Prince Ribbit
  9159 | D:7      | Killed Prince Ribbit
  9371 | D:7      | Noticed Harold
  9387 | D:7      | Killed Harold
  9779 | D:8      | Reached XP level 10. HP: 63/90 MP: 9/9
 10707 | D:8      | Reached ** piety under Trog
 10958 | D:8      | Identified the +4 war axe of Ornamental Judgement {vamp,
                  | rPois rF+ rCorr MP-9 Int+4}
 11334 | D:9      | Found a staircase to the Lair.
 11367 | D:9      | Noticed a two-headed ogre
 11368 | Lair:1   | Entered Level 1 of the Lair of Beasts
 11470 | Lair:1   | Noticed a black mamba
 11470 | Lair:1   | Noticed a black mamba
 11475 | Lair:1   | Killed a black mamba
 11477 | Lair:1   | Killed a black mamba
 11641 | Lair:1   | Reached XP level 11. HP: 97/99 MP: 1/10
 11660 | Lair:1   | Reached skill level 10 in Shields
 11684 | Lair:1   | Reached skill level 10 in Armour
 11701 | Lair:1   | Reached skill level 10 in Fighting
 12504 | Lair:2   | Reached skill level 10 in Axes
 12885 | Lair:2   | Noticed an eight-headed hydra
 12898 | Lair:2   | HP: 5/151 [eight-headed hydra (5)]
 12898 | Lair:2   | Slain by an eight-headed hydra

Illustrated notes

Levels and vault maps discovered:
D:1:      lemuel_arrival_broad_hall, layout_rooms,
          ebering_ecumenical_altar_webs, roderic_lattice_a
D:2:      layout_loops_ring, serial_shops, nicolae_shop_advertising_works
          [nicolae_subvault_shop_adworks], uniq_robin, uniq_natasha,
          uniq_terence, uniq_jessica
D:3:      minmay_wonky_spiral, layout_basic, portal_sewer_entry_d,
          chequers_jeans
D:4:      layout_basic, marbit_many_paths, serial_shops, shop,
          nicolae_shop_statue_plus, nicolae_square_shop,
          nicolae_shop_behind_doors, gammafunk_ghost_arena
D:5:      layout_gridville, temple_statues, kennysheep_pointless_box,
          uniq_sigmund
D:6:      layout_gridville, minmay_misc_feat_tower, uniq_crazy_yiuf_cottage
D:7:      layout_cave_pods, uniq_harold, uniq_prince_ribbit1
D:8:      layout_gridville
D:9:      layout_basic, lair_entry_dummy, hellmonk_ghost_big_iron
Temple:   nicolae_temple_the_god_donut
Lair:1:   layout_roguey, beast_lair_carwin_6, grunt_megastairs_1
Lair:2:   layout_cave_shapes, beast_lair_carwin_5

Skill      XL: |  1  2  3  4  5  6  7  8  9 10 11 |
---------------+----------------------------------+-----
Dodging        | 1 2 3 4 5 6 8 |  8.9
Shields        | 4 5 6 7 8 9 10 | 10.5
Fighting       | 4 5 6 7 8 9 10 | 10.4
Axes           | 3 4 5 6 8 9 10 | 10.1
Armour         | 4 5 6 7 8 9 10 | 10.5

Action                   |  1- 3 |  4- 6 |  7- 9 | 10-12 || total
-------------------------+-------+-------+-------+-------++-------
Melee: War axe           |    52 |   151 |    98 |   112 ||   413
       Headbutt          |     4 |    15 |    24 |    51 ||    94
       Mace              |       |       |    48 |       ||    48
       Hand axe          |       |       |    27 |    89 ||   116
Invok: Berserk           |       |       |       |     3 ||     3
  Use: Scroll            |     5 |     1 |     9 |     4 ||    19
       Potion            |       |       |     1 |       ||     1
 Stab: Invisible         |       |       |     1 |       ||     1
Armor: Scale mail        |    19 |    99 |    88 |   101 ||   307
Dodge: Dodged            |    23 |    93 |   131 |   123 ||   370
Block: Buckler           |    10 |    52 |    58 |    75 ||   195
